[Event "Titled Tuesday Blitz July 11 Early 2023"]
[White "Haug, Havard"]
[Black "Kielinkei"]
[WhiteFideId "1547887"]
[WhiteElo "2640"]
[BlackElo "2411"]
[Result "1/2-1/2"]
[Round "4"]
[TimeControl "180+2"]
[Date "2023.07.11"]
[WhiteClock "0:00:15"]
[BlackClock "0:00:08"]
[Board "125"]

1. e4 c5 2. c3 Nf6 3. e5 Nd5 4. Nf3 Nc6 5. Bc4 Nb6 6. Bb3 d5 7. exd6 e6 8. O-O Bxd6 9. d4 cxd4 10. Nxd4 Nxd4 11. cxd4 O-O 12. Nc3 Nd5 13. Nxd5 exd5 14. Be3 Be6 15. Qf3 Qd7 16. Rac1 Rfd8 17. g3 Be7 18. Rfe1 Rac8 19. h4 Bb4 20. Rxc8 Rxc8 21. Rc1 Rxc1+ 22. Bxc1 Qc6 23. Be3 a5 24. a3 Be7 25. Qd1 b5 26. a4 bxa4 27. Bxa4 Qb6 28. Qc2 h5 29. b3 g6 30. Qd2 Bb4 31. Qc1 Qb7 32. Bf4 Qc8 33. Qxc8+ Bxc8 34. Bc6 Bc3 35. Be3 Be6 36. Kf1 Kf8 37. Ke2 Ke7 38. Kd3 Be1 39. Ke2 Bc3 40. Bd2 Bxd4 41. Bxa5 Kd6 42. Bb5 Bd7 43. Bb4+ Ke6 44. Bxd7+ Kxd7 45. Bd2 Kc6 46. Be3 Be5 47. Kd3 Kb5 48. Bd4 Bd6 49. Be3 Be5 50. Bd2 Kc5 51. Bc3 d4 52. Ba1 Kd5 53. Bb2 Bg7 54. b4 Bf8 55. Ba3 Bd6 56. Bb2 Bxb4 57. Bxd4 Be7 58. Be3 Ke6 59. Ke4 Bf6 60. Bd4 Bxd4 61. Kxd4 Kf5 62. Ke3 Ke5 63. f3 Kf5 64. Kd4 Ke6 65. Ke4 f6 66. Kd4 Kd6 67. Ke4 Ke6 68. g4 hxg4 69. fxg4 f5+ 70. Kf4 fxg4 71. Kxg4 Kf6 72. Kf4 Kf7 73. Kg5 Kg7 74. Kf4 Kf6 75. Kg4 Kf7 76. Kg5 Kg7 77. Kf4 Kf6 78. Kg4 Kf7 79. h5 gxh5+ 80. Kg5 Kg7 81. Kxh5 1/2-1/2


[Site "https://www.chess.com"]

[Event "Titled Tuesday Blitz July 11 Early 2023"]
[White "Szyszylo, Rafal"]
[Black "Iskusnyh, Sergei"]
[WhiteFideId "1109626"]
[BlackFideId "4120027"]
[WhiteElo "2410"]
[BlackElo "2609"]
[Result "0-1"]
[Round "4"]
[TimeControl "180+2"]
[Date "2023.07.11"]
[WhiteClock "0:00:00"]
[BlackClock "0:00:28"]
[Board "126"]

1. e4 e6 2. d4 d5 3. e5 c5 4. c3 Nc6 5. Nf3 Nge7 6. Bd3 cxd4 7. cxd4 Nf5 8. Be3 Nxe3 9. fxe3 g6 10. O-O Bh6 11. Qd2 O-O 12. Nc3 f6 13. exf6 Rxf6 14. Kh1 Bd7 15. Rae1 Qe7 16. Qe2 Bg7 17. e4 dxe4 18. Nxe4 Rff8 19. Qe3 Rad8 20. Nc5 Nxd4 21. Nxd7 Qxd7 22. Nxd4 Qxd4 23. Qxe6+ Kh8 24. Rxf8+ Rxf8 25. Qe2 Qxb2 26. Qxb2 Bxb2 27. Rb1 Bd4 28. Rxb7 Rf2 29. Bc4 Rc2 30. Rb8+ Kg7 31. Rb7+ Kh6 32. Bf1 Rxa2 33. h3 Ra1 34. Rf7 Kg5 35. Kh2 Be5+ 36. Kg1 h5 0-1


[Site "https://www.chess.com"]

[Event "Titled Tuesday Blitz July 11 Early 2023"]
[White "Pinheiro, Iung Alicio de O."]
[Black "Estrada Nieto, Julian"]
[WhiteFideId "2104350"]
[BlackFideId "5101018"]
[WhiteElo "2590"]
[BlackElo "2409"]
[Result "0-1"]
[Round "4"]
[TimeControl "180+2"]
[Date "2023.07.11"]
[WhiteClock "0:00:00"]
[BlackClock "0:01:19"]
[Board "127"]

1. e4 e5 2. Nf3 Nc6 3. Bc4 Bc5 4. b4 Bb6 5. a4 a6 6. Nc3 Nf6 7. Nd5 d6 8. d3 h6 9. c3 O-O 10. g4 Nxd5 11. Bxd5 Ne7 12. Bb3 Be6 13. Bc2 Bxg4 14. Rg1 Bxf3 15. Qxf3 Ng6 16. Bb3 Kh7 17. Bxf7 Nf4 18. Bb3 Bxf2+ 19. Kxf2 Nxd3+ 20. Ke2 Rxf3 21. Kxf3 Qf6+ 22. Ke2 Qf2+ 23. Kxd3 Qxg1 0-1


[Site "https://www.chess.com"]

[Event "Titled Tuesday Blitz July 11 Early 2023"]
[White "Stork, Oliver"]
[Black "Janaszak, Dawid"]
[WhiteFideId "12955728"]
[BlackFideId "1119206"]
[WhiteElo "2408"]
[BlackElo "2583"]
[Result "1-0"]
[Round "4"]
[TimeControl "180+2"]
[Date "2023.07.11"]
[WhiteClock "0:00:43"]
[BlackClock "0:00:52"]
[Board "128"]

1. e4 c5 2. a3 e5 3. Nf3 Nc6 4. Bc4 Nf6 5. d3 Be7 6. Nc3 O-O 7. O-O d6 8. h3 Nd7 9. Be3 Nb6 10. Ba2 Kh8 11. Qd2 f5 12. exf5 Bxf5 13. Ng5 Qe8 14. Rae1 Qg6 15. f4 Nd4 16. Bxd4 cxd4 17. Nd5 Nxd5 18. Bxd5 h6 19. Nf3 Bxh3 20. fxe5 Rad8 21. Be4 Qg3 22. Nxd4 Bg5 23. Qe2 Be3+ 24. Qxe3 Rxf1+ 25. Kxf1 Qxe5 26. gxh3 Qh2 27. Re2 Qe5 28. Bf3 Qf6 29. Rf2 Qh4 30. Be4 Re8 31. Qf3 d5 32. Qf8+ 1-0


[Site "https://www.chess.com"]

[Event "Titled Tuesday Blitz July 11 Early 2023"]
[White "Weishaeutel, Moritz"]
[Black "Gaal, Zsoka"]
[WhiteFideId "12967300"]
[BlackFideId "777765"]
[WhiteElo "2579"]
[BlackElo "2402"]
[Result "1-0"]
[Round "4"]
[TimeControl "180+2"]
[Date "2023.07.11"]
[WhiteClock "0:00:05"]
[BlackClock "0:00:05"]
[Board "129"]

1. e4 Nf6 2. Nc3 d5 3. e5 Nfd7 4. e6 fxe6 5. d4 g6 6. h4 c5 7. h5 Bg7 8. hxg6 hxg6 9. Rxh8+ Bxh8 10. Bd3 Nf8 11. dxc5 e5 12. Nxd5 Nc6 13. Bg5 Be6 14. c4 Qd7 15. Be4 O-O-O 16. Qa4 Kb8 17. O-O-O Bf5 18. Ne3 Nd4 19. Qxd7 Rxd7 20. f3 Bxe4 21. fxe4 Nfe6 22. Nf3 Nxc5 23. Nd5 Nxe4 24. Bxe7 Bg7 25. Nxd4 exd4 26. Re1 Nf2 27. Bd6+ Kc8 28. Re8+ Rd8 29. Re7 Bh6+ 30. Bf4 Bxf4+ 31. Nxf4 d3 32. Kd2 Rf8 33. Nxg6 Rg8 34. Ne5 Rxg2 35. Nxd3 Nxd3+ 36. Kxd3 Rxb2 37. a4 Ra2 38. Kc3 Rxa4 39. Kb3 Ra6 40. Kb4 Rc6 41. Kb5 Rc7 42. Re8+ Kd7 43. Rh8 Rc6 44. Rh7+ Kc8 45. Rh8+ Kc7 46. Rh7+ Kb8 47. Rh8+ Rc8 48. Rh1 a6+ 49. Kb4 Rc6 50. Rh8+ Kc7 51. Rh7+ Kb6 52. c5+ Ka7 53. Rd7 Rf6 54. Rh7 Rf4+ 55. Kb3 Kb8 56. Rg7 Rd4 57. Rh7 Ka8 58. Rg7 Kb8 59. Rh7 Rd8 60. Kb4 Rc8 61. Rg7 Rc6 62. Rh7 Rf6 63. Rg7 Rf4+ 64. Kb3 Rh4 65. Rf7 Rh6 66. Rg7 Rh5 67. Kb4 Rh4+ 68. Kb3 Kc8 69. Rg8+ Kc7 70. Rg6 Re4 71. Rf6 Rd4 72. Rg6 Rd7 73. Kc4 Re7 74. Rh6 Rg7 75. Rf6 Rg4+ 76. Kb3 Re4 77. Kc3 Kd7 78. Kd3 Re6 79. Rf7+ Kc6 80. Rf5 Rh6 81. Kc4 Rh4+ 82. Kb3 Re4 83. Kc3 Rh4 84. Kb3 Rd4 85. Kc3 Rd5 86. Rf8 Kxc5 87. Rd8 Kb6 88. Rxd5 Kc6 89. Rd4 Kc5 90. Rh4 b5 91. Rh5+ Kb6 92. Rh6+ Kc5 93. Rxa6 b4+ 94. Kb3 Kb5 95. Ra4 Kc5 96. Rxb4 1-0


[Site "https://www.chess.com"]

[Event "Titled Tuesday Blitz July 11 Early 2023"]
[White "Rios Escobar, Adan"]
[Black "Safin, Robert"]
[WhiteFideId "3403645"]
[BlackFideId "34189120"]
[WhiteElo "2399"]
[BlackElo "2576"]
[Result "1-0"]
[Round "4"]
[TimeControl "180+2"]
[Date "2023.07.11"]
[WhiteClock "0:02:18"]
[BlackClock "0:02:25"]
[Board "130"]

1. d4 Nf6 2. g3 e6 3. c4 c5 4. d5 exd5 5. cxd5 b5 6. e4 Nxe4 7. Bg2 Nf6 8. d6 Nc6 9. Qe2+ Be7 10. dxe7 Qxe7 11. Nc3 a6 12. Qxe7+ Kxe7 13. Bg5 Re8 14. O-O-O 1-0


[Site "https://www.chess.com"]

[Event "Titled Tuesday Blitz July 11 Early 2023"]
[White "chess123456s"]
[Black "cedchass2006"]
[WhiteElo "2573"]
[BlackElo "2398"]
[Result "1-0"]
[Round "4"]
[TimeControl "180+2"]
[Date "2023.07.11"]
[WhiteClock "0:00:02"]
[BlackClock "0:00:00"]
[Board "131"]

1. d4 Nf6 2. Nc3 d5 3. Bf4 c5 4. e4 Nxe4 5. Nxe4 dxe4 6. dxc5 Qa5+ 7. c3 Qxc5 8. Qa4+ Nc6 9. Qxe4 Bf5 10. Qa4 e5 11. Be3 Qd6 12. Rd1 Qc7 13. Nf3 Be7 14. Bc4 O-O 15. O-O a6 16. Bd3 Bxd3 17. Rxd3 b5 18. Qe4 Rad8 19. Rxd8 Rxd8 20. Ng5 Bxg5 21. Bxg5 f6 22. Be3 Na5 23. a4 Qc4 24. Qxc4+ Nxc4 25. axb5 axb5 26. g3 Nxb2 27. Kg2 Nd1 28. Bb6 Rd3 29. Ba5 Nxc3 30. Rc1 Ne4 31. Rc8+ Kf7 32. Rb8 Nd6 33. Bb4 Kg6 34. Rd8 Kf7 35. Rxd6 Rxd6 36. Bxd6 Ke6 37. Ba3 Kd5 38. Kf3 Kc4 39. Ke4 b4 40. Bc1 Kc3 41. Ke3 b3 42. Ba3 1-0


[Site "https://www.chess.com"]

[Event "Titled Tuesday Blitz July 11 Early 2023"]
[White "Rian, Kapriaga"]
[Black "Tologon tegin, Semetei"]
[WhiteFideId "7103263"]
[BlackFideId "13800574"]
[WhiteElo "2395"]
[BlackElo "2572"]
[Result "0-1"]
[Round "4"]
[TimeControl "180+2"]
[Date "2023.07.11"]
[WhiteClock "0:00:00"]
[BlackClock "0:00:03"]
[Board "132"]

1. d4 g6 2. Nf3 Bg7 3. c4 d6 4. Nc3 Nd7 5. e4 e5 6. d5 Ne7 7. h3 a5 8. Be2 Nc5 9. Be3 b6 10. a3 f5 11. Nd2 fxe4 12. Ndxe4 O-O 13. Bg4 Nf5 14. O-O Bd7 15. b4 axb4 16. axb4 Rxa1 17. Qxa1 Nb3 18. Qd1 Nbd4 19. Bxf5 gxf5 20. Nd2 Qh4 21. f4 Ra8 22. Bxd4 exd4 23. Nb5 Bxb5 24. cxb5 Ra2 25. Qe2 Qf6 26. Qe8+ Bf8 27. Nf3 d3 28. Rd1 Re2 29. Qh5 Bg7 30. Rxd3 h6 31. Ng5 Re1+ 32. Kf2 Rb1 33. Ne6 Rxb4 0-1


[Site "https://www.chess.com"]

[Event "Titled Tuesday Blitz July 11 Early 2023"]
[White "Llanos, Guillermo"]
[Black "infinitypoint"]
[WhiteFideId "100358"]
[WhiteElo "2389"]
[BlackElo "2561"]
[Result "0-1"]
[Round "4"]
[TimeControl "180+2"]
[Date "2023.07.11"]
[WhiteClock "0:00:00"]
[BlackClock "0:00:07"]
[Board "133"]

1. g3 d5 2. Bg2 e5 3. Nf3 e4 4. Nd4 Nf6 5. d3 c6 6. O-O Bd6 7. c4 h6 8. cxd5 cxd5 9. Nc3 exd3 10. Qxd3 O-O 11. Nxd5 Nxd5 12. Bxd5 Nd7 13. Nf5 Ne5 14. Qe4 Bxf5 15. Qxf5 Kh8 16. Be4 Ng6 17. Qh5 Qf6 18. Be3 Rae8 19. Bxb7 Re5 20. Qh3 Rb5 21. Bf3 Rxb2 22. Rfd1 Be5 23. Rac1 Rxa2 24. Rc6 Qe7 25. Bd5 Ra5 26. Bxh6 Kg8 27. Be3 Rd8 28. Rc8 Rxc8 29. Qxc8+ Qf8 30. Qc4 Bf6 31. Rb1 Ne5 32. Qb3 Qd6 33. Rd1 Qa6 34. Qb8+ Kh7 35. Be4+ g6 36. Rd2 Ra1+ 37. Kg2 Nc4 38. Qf8 Ne5 39. Bf4 Qe6 40. Qh6+ Kg8 41. Rb2 Rd1 42. Rb8+ Rd8 43. Rxd8+ Bxd8 44. Bc2 Bb6 45. Qh3 Qc6+ 46. e4 Qxc2 0-1


[Site "https://www.chess.com"]

[Event "Titled Tuesday Blitz July 11 Early 2023"]
[White "Romero Ruscalleda, Josep"]
[Black "Chernomordik, Pavel"]
[WhiteFideId "2231859"]
[BlackFideId "2804530"]
[WhiteElo "2388"]
[BlackElo "2559"]
[Result "1-0"]
[Round "4"]
[TimeControl "180+2"]
[Date "2023.07.11"]
[WhiteClock "0:01:12"]
[BlackClock "0:01:11"]
[Board "134"]

1. e4 g6 2. d4 Bg7 3. Nc3 d6 4. g3 h5 5. h4 Nc6 6. Be3 e5 7. Nge2 Bg4 8. d5 Bf3 9. Rg1 Nd4 10. Qd2 c5 11. dxc6 bxc6 12. Nxd4 exd4 13. Bxd4 Nf6 14. Be2 Bxe2 15. Qxe2 O-O 16. O-O-O Re8 17. Qd3 Qa5 18. Rge1 Rab8 19. Qc4 d5 20. exd5 cxd5 21. Rxe8+ Rxe8 22. Qb5 Qc7 23. Bxf6 Bxf6 24. Qxe8+ Kg7 25. Nxd5 Bxb2+ 26. Kxb2 Qb7+ 27. Kc1 Qa6 28. Qe5+ Kh7 29. Nf6+ 1-0


[Site "https://www.chess.com"]

[Event "Titled Tuesday Blitz July 11 Early 2023"]
[White "Ganiev, Roman"]
[Black "a-z30"]
[WhiteFideId "4131452"]
[WhiteElo "2557"]
[BlackElo "2384"]
[Result "1-0"]
[Round "4"]
[TimeControl "180+2"]
[Date "2023.07.11"]
[WhiteClock "0:00:52"]
[BlackClock "0:00:01"]
[Board "135"]

1. e4 d6 2. d4 Nf6 3. Nc3 g6 4. Nf3 Bg7 5. h3 O-O 6. Be3 Nc6 7. Qd2 e5 8. d5 Ne7 9. g4 c6 10. dxc6 bxc6 11. O-O-O d5 12. Nxe5 Nxe4 13. Nxe4 Bxe5 14. Bd4 dxe4 15. Bxe5 Qxd2+ 16. Rxd2 Nd5 17. c4 e3 18. fxe3 Nxe3 19. Be2 Re8 20. Bf6 Be6 21. b3 a5 22. Bf3 Rac8 23. Re1 Nxc4 24. bxc4 Bxc4 25. Rxe8+ Rxe8 26. Bxc6 Rc8 27. Kb2 Be6 28. Rd8+ Rxd8 29. Bxd8 h5 30. gxh5 Bxh3 31. hxg6 fxg6 32. Bxa5 Bc8 33. Bd5+ Kg7 34. Bc3+ Kh6 35. a4 g5 36. a5 Kh5 37. Ka3 g4 38. Kb4 Kh4 39. Bf6+ Kh3 40. Kc5 g3 41. Bd4 Kh2 42. Kb6 g2 43. Bb7 Be6 44. a6 Bc4 45. a7 1-0


[Site "https://www.chess.com"]

[Event "Titled Tuesday Blitz July 11 Early 2023"]
[White "Geivondian, Arman"]
[Black "Bueno, Alfeu Junior Varela"]
[WhiteFideId "24102032"]
[BlackFideId "2108879"]
[WhiteElo "2552"]
[BlackElo "2383"]
[Result "1-0"]
[Round "4"]
[TimeControl "180+2"]
[Date "2023.07.11"]
[WhiteClock "0:01:36"]
[BlackClock "0:00:05"]
[Board "136"]

1. e4 e6 2. d4 d5 3. Nc3 Nf6 4. e5 Nfd7 5. f4 c5 6. Nf3 Nc6 7. Bd3 cxd4 8. Ne2 Bc5 9. O-O f6 10. exf6 Nxf6 11. a3 a5 12. Bd2 O-O 13. b4 axb4 14. axb4 Rxa1 15. Qxa1 Bxb4 16. Bxb4 Nxb4 17. Qxd4 Nc6 18. Qc5 Qe7 19. Qxe7 Nxe7 20. Rb1 Nc6 21. g3 Rf7 22. Ned4 Rc7 23. Nb5 Rd7 24. h3 Ne4 25. Kg2 Nc5 26. Be2 h6 27. Ne5 Nxe5 28. fxe5 Ne4 29. Bd3 Ng5 30. Nd6 Rc7 31. Bg6 Ne4 32. Nxe4 dxe4 33. Bxe4 Rc5 34. Bxb7 Rxc2+ 35. Kf3 Rc3+ 36. Kg4 Bd7 37. Be4 Kf7 38. Rb7 Ke7 39. h4 Kd8 40. Ra7 Rc5 41. Kf4 Rc4 42. Ke3 Rc3+ 43. Kf4 Rc4 44. Kf3 Rc3+ 45. Kf2 Rc5 46. g4 Rxe5 47. Kf3 Rc5 48. Bd3 Rd5 49. Ke3 Ke7 50. Be4 Rd6 51. Kf4 Kf7 52. Ke5 Ke7 53. g5 hxg5 54. hxg5 Rb6 55. Bd3 Rd6 56. Bc4 Rc6 57. Kd4 Kd8 58. Bb5 Rd6+ 59. Kc4 Bxb5+ 60. Kxb5 Rd5+ 61. Kc6 Rxg5 62. Kd6 Rg6 63. Ra8# 1-0


[Site "https://www.chess.com"]

[Event "Titled Tuesday Blitz July 11 Early 2023"]
[White "Bruedigam, Martin"]
[Black "Mayaud, Raphael"]
[WhiteFideId "24608033"]
[BlackFideId "627151"]
[WhiteElo "2547"]
[BlackElo "2383"]
[Result "1-0"]
[Round "4"]
[TimeControl "180+2"]
[Date "2023.07.11"]
[WhiteClock "0:00:32"]
[BlackClock "0:00:10"]
[Board "137"]

1. c4 c6 2. e4 d5 3. exd5 cxd5 4. d4 Nf6 5. Nc3 Nc6 6. Nf3 g6 7. c5 Bg7 8. h3 O-O 9. Be2 Ne4 10. O-O Be6 11. Qb3 Na5 12. Qc2 Nxc3 13. Qxc3 Nc6 14. b4 a6 15. a4 Bf5 16. Bf4 e5 17. dxe5 d4 18. Qc4 Be6 19. Qc1 Nxb4 20. Rd1 Nc6 21. Qb2 Qd5 22. Nxd4 Nxd4 23. Qxd4 Rfd8 24. Qxd5 Rxd5 25. Rxd5 Bxd5 26. a5 Bc6 27. Rd1 Re8 28. Bc4 Kf8 29. Re1 Rd8 30. e6 Rd4 31. Bd6+ 1-0


[Site "https://www.chess.com"]

[Event "Titled Tuesday Blitz July 11 Early 2023"]
[White "Barbot, Pierre"]
[Black "Siniauski, Artsiom"]
[WhiteFideId "663727"]
[BlackFideId "13512269"]
[WhiteElo "2379"]
[BlackElo "2543"]
[Result "0-1"]
[Round "4"]
[TimeControl "180+2"]
[Date "2023.07.11"]
[WhiteClock "0:00:00"]
[BlackClock "0:01:17"]
[Board "138"]

1. d4 Nf6 2. c4 d6 3. Nf3 g6 4. Nc3 Bg7 5. e4 O-O 6. Be2 Na6 7. Bg5 c5 8. d5 h6 9. Be3 Nc7 10. Nd2 a6 11. a4 b6 12. O-O Bd7 13. f4 b5 14. axb5 axb5 15. cxb5 Rxa1 16. Qxa1 Qb8 17. Bc4 Nxb5 18. h3 Nd4 19. Qb1 Qb4 20. Bd3 Nh5 21. Nc4 Rb8 22. e5 Ng3 23. Re1 Ngf5 0-1


[Site "https://www.chess.com"]

[Event "Titled Tuesday Blitz July 11 Early 2023"]
[White "Palencia Morales, Wilson Guillermo"]
[Black "Goldin, Roman"]
[WhiteFideId "4401859"]
[BlackFideId "2803860"]
[WhiteElo "2537"]
[BlackElo "2379"]
[Result "1-0"]
[Round "4"]
[TimeControl "180+2"]
[Date "2023.07.11"]
[WhiteClock "0:01:04"]
[BlackClock "0:00:00"]
[Board "139"]

1. d4 Nf6 2. c4 Nc6 3. Nf3 e6 4. g3 Bb4+ 5. Nbd2 O-O 6. Bg2 d6 7. O-O Bxd2 8. Qxd2 Qe7 9. b4 e5 10. dxe5 dxe5 11. b5 Rd8 12. Qc3 Nd4 13. Nxd4 exd4 14. Qd3 a6 15. Ba3 Qe5 16. f4 Qe3+ 17. Qxe3 dxe3 18. Be7 Re8 19. Bxf6 gxf6 20. Bf3 axb5 21. cxb5 Be6 22. a4 Ra7 23. a5 Bc4 24. b6 cxb6 25. axb6 Rxa1 26. Rxa1 Ba6 27. Kf1 Re6 28. Rb1 Rd6 29. Ke1 Kf8 30. Rb3 h6 31. Rxe3 Rxb6 32. Rc3 Rb2 33. Rc7 Kg7 34. Bh5 Kg8 35. Bxf7+ Kf8 36. Bh5 Rb1+ 37. Kf2 Rb5 38. Bf3 Rb2 39. g4 Rb6 40. Rh7 Rb4 41. f5 1-0


[Site "https://www.chess.com"]

[Event "Titled Tuesday Blitz July 11 Early 2023"]
[White "Demin, Vladimir"]
[Black "Harriott, Tyrell"]
[WhiteFideId "4167457"]
[BlackFideId "2086484"]
[WhiteElo "2533"]
[BlackElo "2377"]
[Result "1-0"]
[Round "4"]
[TimeControl "180+2"]
[Date "2023.07.11"]
[WhiteClock "0:00:36"]
[BlackClock "0:00:17"]
[Board "140"]

1. d4 e6 2. e4 d5 3. Nc3 f5 4. exf5 exf5 5. Nf3 Nf6 6. Ne5 Bd6 7. Bg5 O-O 8. Nxd5 Bxe5 9. Bc4 Be6 10. dxe5 Bxd5 11. Bxf6 gxf6 12. Qxd5+ Kh8 13. Qxd8 Rxd8 14. exf6 Re8+ 15. Kd2 Nc6 16. Rae1 Rad8+ 17. Kc1 Ne5 18. Bb3 Ng4 19. f7 Rf8 20. h3 Nxf2 21. Rhf1 Ne4 22. Rxf5 Nd6 23. Rf3 Rd7 24. Ref1 Re7 25. g4 Kg7 26. h4 Re4 27. Rf4 Re3 28. a4 Rh3 29. g5 Re3 30. h5 Rg3 31. h6+ Kh8 32. Re1 Rxg5 33. Re7 Rg6 34. Rxc7 Rxh6 35. Rd7 Kg7 36. Rd4 Nxf7 37. Rxb7 a6 38. Rdd7 Rf6 39. Kd2 h5 40. Ke2 Re8+ 41. Kd2 Rf8 42. Bxf7 R8xf7 43. Rxf7+ Rxf7 44. Rxf7+ Kxf7 45. Ke3 Ke6 46. b4 Kd5 47. b5 axb5 48. axb5 Kc5 49. c4 Kb6 50. Kf3 Kc5 51. Kg3 Kb6 52. Kh4 Kc5 53. Kxh5 Kxc4 54. b6 Kc5 55. b7 Kd6 56. b8=Q+ Ke6 57. Qc7 Kd5 58. Qe7 Kd4 59. Qe6 Kc5 60. Kg5 Kd4 61. Kf4 Kc5 62. Qd7 Kc4 63. Ke4 Kc3 64. Qd3+ Kb2 65. Qc4 Ka3 66. Qb5 Ka2 67. Kd3 Ka1 68. Kc2 1-0


[Site "https://www.chess.com"]

[Event "Titled Tuesday Blitz July 11 Early 2023"]
[White "Yurovskykh, Oleksandr"]
[Black "Ncatt"]
[WhiteFideId "14134020"]
[WhiteElo "2530"]
[BlackElo "2375"]
[Result "1/2-1/2"]
[Round "4"]
[TimeControl "180+2"]
[Date "2023.07.11"]
[WhiteClock "0:00:02"]
[BlackClock "0:00:16"]
[Board "141"]

1. d4 d5 2. Bf4 Nf6 3. e3 c5 4. c3 Nc6 5. Nd2 cxd4 6. exd4 Bf5 7. Ngf3 e6 8. Qb3 Qc8 9. Nh4 Bg6 10. Nxg6 hxg6 11. h3 Be7 12. Bd3 a6 13. a4 Na5 14. Qd1 Nc4 15. Nxc4 dxc4 16. Bc2 Nd5 17. Be5 Bf6 18. Qe2 b5 19. axb5 axb5 20. O-O O-O 21. Be4 Qc6 22. Qf3 Bxe5 23. dxe5 Rxa1 24. Rxa1 Ra8 25. Rd1 Ra2 26. Bxd5 exd5 27. Rxd5 Qe8 28. Qe2 Kh7 29. Qd2 Ra1+ 30. Kh2 Rb1 31. g3 Qc6 32. Qd4 g5 33. Qe4+ g6 34. Qxb1 Qxd5 35. Qe1 Qf3 36. Qe3 Qf5 37. g4 Qc2 38. Qf3 Kg8 39. Kg2 Qxb2 40. e6 fxe6 41. Qf6 b4 42. Qxg6+ Kf8 43. Qf6+ Ke8 44. Qxe6+ Kf8 45. Qf5+ Ke8 46. Qe5+ Kf8 47. Qc5+ Ke8 48. Qc6+ Kf8 49. Qc5+ Ke8 50. Qb5+ Kf8 51. Qb8+ Kf7 52. Qc7+ Ke8 53. Qc6+ Kf8 54. Qc5+ 1/2-1/2


[Site "https://www.chess.com"]

[Event "Titled Tuesday Blitz July 11 Early 2023"]
[White "Seletsky, Grigory"]
[Black "Bilan, Danila"]
[WhiteFideId "14112191"]
[BlackFideId "24161918"]
[WhiteElo "2373"]
[BlackElo "2526"]
[Result "0-1"]
[Round "4"]
[TimeControl "180+2"]
[Date "2023.07.11"]
[WhiteClock "0:00:00"]
[BlackClock "0:00:05"]
[Board "142"]

1. e3 d5 2. d4 Nf6 3. c4 c6 4. Nc3 e6 5. Nf3 Nbd7 6. Bd3 dxc4 7. Bxc4 b5 8. Bd3 b4 9. Ne4 Nxe4 10. Bxe4 Bb7 11. Qc2 Qb6 12. O-O c5 13. Bxb7 Qxb7 14. Qa4 cxd4 15. Nxd4 Be7 16. Rd1 O-O 17. b3 Bf6 18. Bb2 Nc5 19. Qa5 Ne4 20. Rac1 Rfc8 21. f3 Nd6 22. e4 Be7 23. Qe5 Ne8 24. Nxe6 Bf6 25. Qd5 Qxd5 26. exd5 Bxb2 27. Rxc8 Rxc8 28. Nd4 Bxd4+ 29. Rxd4 a5 30. Kf2 Nd6 31. Ke3 f6 32. Kf4 Kf7 33. h4 Rc2 34. g4 Rxa2 35. Rd1 Rc2 36. Ra1 Rc5 37. Rd1 a4 0-1


[Site "https://www.chess.com"]

[Event "Titled Tuesday Blitz July 11 Early 2023"]
[White "Molina Carretero, Daniel"]
[Black "Rangel, Daniel"]
[WhiteFideId "32071914"]
[BlackFideId "2124475"]
[WhiteElo "2372"]
[BlackElo "2518"]
[Result "1-0"]
[Round "4"]
[TimeControl "180+2"]
[Date "2023.07.11"]
[WhiteClock "0:01:01"]
[BlackClock "0:01:40"]
[Board "143"]

1. c4 Nf6 2. g3 e6 3. Nf3 d5 4. b3 Be7 5. Bg2 O-O 6. O-O a5 7. Nc3 c6 8. e3 b5 9. cxb5 cxb5 10. Nxb5 Ba6 11. a4 Qc7 12. Bb2 Qb7 13. Qe2 Nc6 14. Rfc1 Rab8 15. Nfd4 Nxd4 16. Bxd4 Bxb5 17. axb5 Qxb5 18. Qxb5 Rxb5 19. Rc7 Bb4 20. Bf1 Rbb8 21. Bc5 Bxc5 22. Rxc5 Rxb3 23. Rcxa5 Rb2 24. R5a2 Rb6 25. d4 g6 26. Bd3 Rfb8 27. Ra8 Rxa8 28. Rxa8+ Kg7 29. Ra2 Rb3 30. Rd2 Rc3 31. Kg2 h5 32. h3 Ra3 33. Kf3 Ra1 34. Kg2 Ne8 35. Kh2 Nd6 36. Kg2 Kf6 37. Kf3 Rg1 38. h4 Kg7 39. Ke2 Ne8 40. Rd1 Rg2 41. Kf1 Rh2 42. Kg1 Rh3 43. Kg2 Rxh4 44. gxh4 Nf6 45. Rh1 Ng4 46. Be2 Nf6 47. Bf3 Ne4 48. Bxe4 dxe4 49. Ra1 1-0


[Site "https://www.chess.com"]

[Event "Titled Tuesday Blitz July 11 Early 2023"]
[White "Dushyant Sharma"]
[Black "Goswami, Vedant"]
[WhiteFideId "25065130"]
[BlackFideId "5003725"]
[WhiteElo "2514"]
[BlackElo "2372"]
[Result "0-1"]
[Round "4"]
[TimeControl "180+2"]
[Date "2023.07.11"]
[WhiteClock "0:01:29"]
[BlackClock "0:00:36"]
[Board "144"]

1. e4 c6 2. d4 d5 3. exd5 cxd5 4. c3 Nc6 5. Bd3 Nf6 6. Nf3 Bg4 7. O-O e6 8. Be3 Bd6 9. Nbd2 O-O 10. Qc2 Rc8 11. a3 a6 12. Rae1 Re8 13. Bg5 h6 14. Bh4 Be7 15. h3 Bxf3 16. Nxf3 Nd7 17. Bxe7 Qxe7 18. Re3 Qf6 19. Rfe1 b5 20. Qe2 Na5 21. Ne5 Nxe5 22. dxe5 Qh4 23. Rg3 Nc4 24. Rg4 Qe7 25. Qf3 Kh8 26. Bb1 Nxb2 27. Qe2 Nc4 28. Qd3 g6 29. Qg3 Rg8 30. Rh4 Kg7 31. f4 Nd2 32. Bc2 Rc4 33. Kh2 Rgc8 34. Qe3 Qxh4 35. Qxd2 Rxc3 36. Bd1 Qg3+ 37. Kh1 Rc1 38. Re3 Rxd1+ 0-1


[Site "https://www.chess.com"]

[Event "Titled Tuesday Blitz July 11 Early 2023"]
[White "Alahakoon, Isuru"]
[Black "Yeritsyan, Hayk"]
[WhiteFideId "9900993"]
[BlackFideId "13307320"]
[WhiteElo "2368"]
[BlackElo "2512"]
[Result "0-1"]
[Round "4"]
[TimeControl "180+2"]
[Date "2023.07.11"]
[WhiteClock "0:00:02"]
[BlackClock "0:00:03"]
[Board "145"]

1. Nf3 d5 2. e3 Nf6 3. c4 c6 4. d4 e6 5. Nbd2 Bd6 6. b3 Nbd7 7. Bb2 Qe7 8. Bd3 e5 9. cxd5 e4 10. dxc6 bxc6 11. Nxe4 Nxe4 12. Qc2 Nef6 13. Qxc6 Rb8 14. O-O O-O 15. Qc2 Bb7 16. e4 Bxe4 17. Rfe1 Bxd3 18. Qxd3 Qd8 19. Ne5 Re8 20. Nc6 Qc7 21. Nxb8 Qxb8 22. h3 h6 23. Rxe8+ Qxe8 24. Kf1 Qe6 25. Re1 Qd5 26. Qc4 Qf5 27. Bc3 Ne4 28. f3 Nef6 29. Bb4 Bg3 30. Re2 Qb1+ 31. Be1 Bxe1 32. Rxe1 Qxa2 33. Qd3 Qb2 34. Re2 Qc1+ 35. Kf2 g6 36. Qe3 Qc6 37. Qxh6 Qd6 38. Qe3 Kg7 39. g3 Qb6 40. Kg2 Nd5 41. Qd3 N7f6 42. h4 a5 43. Re5 Qc7 44. Qc4 Qb7 45. g4 Nf4+ 46. Kg3 Ne6 47. g5 Nh5+ 48. Kg4 Nhf4 49. d5 Qb8 50. Qe4 Nc5 51. Qxf4 Nd3 52. Qf6+ Kg8 53. Re4 Nf2# 0-1


[Site "https://www.chess.com"]

[Event "Titled Tuesday Blitz July 11 Early 2023"]
[White "Nithyalakshmi, Sivanesan"]
[Black "Moskvin, Anatoly"]
[WhiteFideId "5706955"]
[BlackFideId "24199990"]
[WhiteElo "2364"]
[BlackElo "2507"]
[Result "0-1"]
[Round "4"]
[TimeControl "180+2"]
[Date "2023.07.11"]
[WhiteClock "0:00:08"]
[BlackClock "0:00:37"]
[Board "146"]

1. e4 e5 2. Nf3 Nc6 3. d4 exd4 4. Nxd4 Bc5 5. Nb3 Bb6 6. Nc3 Nge7 7. Qe2 O-O 8. Be3 d6 9. O-O-O f5 10. f4 fxe4 11. g3 Nf5 12. Bxb6 axb6 13. Qxe4 Re8 14. Qf3 Be6 15. Bb5 Kh8 16. Kb1 Qf6 17. Bxc6 bxc6 18. Qxc6 Ne3 19. Rd2 Bxb3 20. axb3 Qf5 21. Qb5 Qg6 22. Nd5 Ra5 23. Qc6 Rc5 24. Qb7 Nxd5 25. Rxd5 Qxc2+ 26. Ka1 Rxd5 27. Qxd5 c6 28. Qd1 Ra8# 0-1


[Site "https://www.chess.com"]

[Event "Titled Tuesday Blitz July 11 Early 2023"]
[White "K2JW"]
[Black "Ljukin, Sergei"]
[BlackFideId "14102200"]
[WhiteElo "2362"]
[BlackElo "2507"]
[Result "1-0"]
[Round "4"]
[TimeControl "180+2"]
[Date "2023.07.11"]
[WhiteClock "0:00:26"]
[BlackClock "0:01:16"]
[Board "147"]

1. d4 d5 2. c4 c6 3. Nc3 Nf6 4. Nf3 dxc4 5. e3 b5 6. a4 b4 7. Na2 a5 8. Bxc4 e6 9. O-O Bb7 10. Qe2 Nbd7 11. b3 c5 12. Bb2 Be7 13. Nc1 O-O 14. Nd3 Ne4 15. Rac1 Qb6 16. Rfd1 Ba6 17. Nde5 Nxe5 18. Nxe5 Bxc4 19. Rxc4 Rad8 20. Rdc1 f6 21. Nd3 cxd4 22. Bxd4 Qd6 23. Rc6 Qd5 24. Nf4 Qxb3 25. Nxe6 Qxa4 26. Qg4 Nc3 27. Qxg7# 1-0


[Site "https://www.chess.com"]